AoeStats
← Tecuan96

African Clearing

506786776Analyzed
2v2 RM · 17d ago on Sep 15, 2026· 46m 50s· 4 players
Game mode
Random Map
Map size
Medium (4 player)
Population
200
Speed
Normal
Resources
Standard
Victory
Conquest
Starting age
Dark Age
Ending age
Imperial Age
RankedLock teamsTeams togetherTeam positionsShared explorationLock speedFull tech treeHidden civsTurbo modeCheats
Victory
Defeat
🇦🇷 Portuguese · Argentina
854
+15
🇲🇽 Maya · Mexico
781
+18
🇨🇴 Khitans · Colombia
948
-21
🇨🇴 Italians · Colombia
713
-12
shampi16
3:36 Loom
15:01 Feudal Age
19:16 Castle Age
20:36 Double-Bit Axe
22:15 Bloodlines
22:19 Town Watch
24:31 Forging
30:31 Husbandry
29:52 Light Cavalry
30:11 Light Cavalry
30:54 Husbandry
41:15 Imperial Age
41:52 Cavalier
44:15 Iron Casting
43:41 Scale Mail Armor
43:49 Scale Barding Armor
Tecuan96
7:06 Loom
12:41 Feudal Age
13:48 Double-Bit Axe
26:03 Castle Age
24:48 Fletching
26:55 Crossbowman
28:01 Padded Archer Armor
28:59 Elite Skirmisher
30:39 Leather Archer Armor
32:42 Pikeman
36:34 Bodkin Arrow
43:50 Forging
jorshy04
16:17 Feudal Age
16:59 Double-Bit Axe
27:34 Gold Mining
30:07 Castle Age
29:51 Scale Mail Armor
29:43 Fletching
29:53 Padded Archer Armor
30:14 Horse Collar
32:35 Elite Skirmisher
34:07 Bow Saw
34:17 Chain Mail Armor
34:17 Leather Archer Armor
33:58 Bodkin Arrow
33:32 Pikeman
33:37 Man-at-Arms
34:20 Squires
39:57 Loom
41:22 Thumb Ring
FC_Satuplese
6:40 Loom
14:25 Feudal Age
15:00 Double-Bit Axe
21:35 Domestication
26:53 Castle Age
24:50 Stone Mining
28:33 Wheelbarrow
32:13 Imperial Age
30:06 Light Cavalry
31:44 Hand Cart
32:03 Fletching
32:51 Town Watch
33:35 Bow Saw
36:48 Squires
43:20 Husbandry
43:50 Town Patrol
46:33 Lamellar Armor
47:36 Conscription
47:23 Ordo Cavalry
46:38 Elite Liao Dao
Connection lost

Rejoining the realm…

Still unreachable

The connection could not be restored.

Session expired

The server has moved on; the page needs a fresh start.